 Dungeon Crawl Stone Soup version 0.29.1-1-gd02db6906a (webtiles) character file.

Game seed: 3482855605917256923

1014 holycorn the Cleaver (level 8, 0/73 HPs)
             Began as a Minotaur Berserker on Sept 21, 2022.
             Was a Believer of Trog.
             Slain by a wyvern (13 damage)
             ... on level 8 of the Dungeon.
             The game lasted 00:09:59 (4398 turns).

holycorn the Cleaver (Minotaur Berserker)           Turns: 4398, Time: 00:10:00

Health: 0/73       AC:  8    Str: 24    XL:     8   Next: 1%
Magic:  7/7        EV: 10    Int:  4    God:    Trog [**....]
Gold:   183        SH:  0    Dex: 10    Spells: 7/7 levels left

rFire   + . .      SeeInvis .   A - +0 war axe
rCold   . . .      Faith    .   (no shield)
rNeg    . . .      Spirit   .   w - +0 scale mail
rPois   .          Reflect  .   (helmet restricted)
rElec   .          Harm     .   (no cloak)
rCorr   .          Rampage  .   (no gloves)
Will    ++...                   r - +0 pair of boots
Stlth   ..........              s - amulet of regeneration
HPRegen 2.02/turn               t - ring of protection from fire
MPRegen 0.10/turn               v - ring of flight

@: strong-willed, on berserk cooldown, flying, regenerating, slowed, very slow
A: horns 2, retaliatory headbutt
a: Renounce Religion, Berserk, Trog's Hand


You were on level 8 of the Dungeon.
You worshipped Trog.
Trog was pleased with you.
You visited 1 branch of the dungeon, and saw 6 of its levels.

You collected 183 gold pieces.

Inventory:

Hand Weapons
 a - a +0 hand axe
 A - a +0 war axe (weapon)
Armour
 b - a +0 animal skin
 r - a +0 pair of boots (worn)
 w - a +0 scale mail (worn)
Jewellery
 h - an amulet of faith
 s - an amulet of regeneration (around neck)
 t - a ring of protection from fire (left hand)
 v - a ring of flight (right hand)
Wands
 y - a wand of mindburst (10)
Scrolls
 c - 4 scrolls of identify
 e - 2 scrolls of blinking {unknown}
 g - a scroll of poison {unknown}
 i - 2 scrolls of butterflies
 q - a scroll of enchant weapon {unknown}
 u - 2 scrolls of fear {unknown}
Potions
 d - 2 potions of degeneration
 f - 2 potions of attraction {unknown}
 j - 3 potions of might
 k - 2 potions of curing
 l - 2 potions of berserk rage
 m - 2 potions of brilliance
 n - 2 potions of heal wounds {unknown}
 o - 2 potions of mutation {unknown}
 p - a potion of lignification {unknown}
 x - 3 potions of invisibility {unknown}
 z - a potion of resistance {unknown}


   Skills:
 + Level 7.4 Fighting
 + Level 9.5 Axes
 + Level 3.2 Armour
 - Level 2.2 Dodging


You had 7 spell levels left.
You didn't know any spells.
Your spell library was empty.

Dungeon Overview and Level Annotations

Branches:
Dungeon (5/15)             Temple (0/1) D:4

Altars:
Hepliaklqana
Makhleb
Wu Jian


Innate Abilities, Weirdness & Mutations

You have a pair of horns on your head.
You reflexively headbutt those who attack you in melee.


Message History

Things that are here:
a +0 spear; a +0 spear; an orc corpse You hit the gnoll but do no damage.
Your headbutt misses the gnoll. The gnoll closely misses you. x2
You barely miss the gnoll. The gnoll barely misses you.
You furiously retaliate!
You headbutt the gnoll!
You kill the gnoll!
Trog accepts your kill.
You start resting.
An orc comes into view. It is wielding a +0 hand axe.
The orc shouts!
An orc warrior comes into view. It is wielding a +0 long sword.
Things that are here:
a +0 spear; a gnoll corpse An orc comes into view.
It is wielding a +0 whip.
A wyvern comes into view.
The wyvern hisses angrily.
An orc wizard comes into view. It is wielding a +1 dagger of venom.
You hear the faint creaking of a portcullis very nearby.
The orc hits you but does no damage. The wyvern barely misses you.
You furiously retaliate!
You headbutt the wyvern, but do no damage.
The orc hits you but does no damage.
The orc wizard shouts!
The orc warrior hits you with a +0 long sword!
The wyvern completely misses you.
You slash the wyvern! Your headbutt misses the wyvern.
The wyvern is moderately wounded.
You hit the orc warrior but do no damage.
The wyvern bites you but does no damage.
The orc warrior hits you with a +0 long sword!
The wyvern bites you!
The orc warrior hits you with a +0 long sword!
* * * LOW HITPOINT WARNING * * *
Your skin crawls.
You feel strong-willed. The wyvern closely misses you. The wyvern bites you.
* * * LOW HITPOINT WARNING * * *
The orc warrior closely misses you. The wyvern bites you!
You die...

#... ..#. .....~
#########
#....~###.......###~
.....~~~~~~~~~~~~~~~#
......................
......................
......##@)))..........
o....o.ol##...........
.......oo###........).
........####..........
.......... #.....?..#
..........###......##
#.#................#
..##.#.....##.........(..
.........................


You could see an orc warrior, a wyvern, an orc wizard and 2 orcs.

Vanquished Creatures
  Sigmund (D:2)
  A black bear (D:4)
  An ogre (D:4)
  A phantom (D:4)
  A necrophage (D:3)
  A scorpion (D:4)
  3 killer bees (D:8)
  2 hounds
  A jelly (D:4)
  3 iron imps (D:3)
  Jessica (D:3)
  An iguana (D:5)
  2 gnolls (D:8)
  4 adders
  A worm (D:3)
  7 orcs
  7 ball pythons
  4 bats
  9 endoplasms
  5 giant cockroaches
  7 goblins
  5 hobgoblins
  3 jackals
  5 kobolds
  5 quokkas
  4 frilled lizards
  5 rats
90 creatures vanquished.

Notes
Turn   | Place    | Note
-------+----------+-------------------------------------------
     0 | D:1      | holycorn the Minotaur Berserker began the quest for the
                  | Orb.
     0 | D:1      | Reached XP level 1. HP: 19/19 MP: 0/0
   547 | D:1      | Reached XP level 2. HP: 19/27 MP: 1/1
   549 | D:1      | Reached skill level 4 in Axes
   887 | D:1      | Found a faded altar of an unknown god.
  1306 | D:2      | Reached XP level 3. HP: 34/34 MP: 2/2
  1308 | D:2      | Found an ornate altar of the Wu Jian Council.
  1382 | D:2      | Reached ** piety under Trog
  1555 | D:2      | Noticed Sigmund
  1567 | D:2      | Killed Sigmund
  1568 | D:2      | Reached skill level 5 in Fighting
  1568 | D:2      | Reached skill level 6 in Axes
  1568 | D:2      | Reached XP level 4. HP: 26/42 MP: 3/3
  1568 | D:2      | Reached XP level 5. HP: 31/49 MP: 4/4
  2482 | D:3      | Found a hazy altar of Hepliaklqana.
  2837 | D:3      | Reached XP level 6. HP: 26/57 MP: 5/5
  3109 | D:3      | Found a burning altar of Makhleb.
  3134 | D:3      | Reached skill level 7 in Axes
  3471 | D:3      | Noticed Jessica
  3475 | D:3      | Killed Jessica
  3713 | D:4      | Found a staircase to the Ecumenical Temple.
  3778 | D:4      | Reached skill level 8 in Axes
  3778 | D:4      | Reached XP level 7. HP: 33/64 MP: 6/6
  3831 | D:4      | Identified the +11 quarterstaff of the Jester {elec, rPois
                  | rC- Int+10 Dex+6}
  4266 | D:5      | Entered Level 5 of the Dungeon
  4270 | D:5      | Reached skill level 9 in Axes
  4349 | D:5      | You are sucked into a shaft and drop 3 floors!
  4378 | D:8      | Reached XP level 8. HP: 49/73 MP: 7/7
  4398 | D:8      | Slain by a wyvern

Illustrated notes

Levels and vault maps discovered:
D:1:      minmay_arrival_stone_box, layout_rooms, basic_ecumenical_altar,
          serial_bayou_pond_d, minmay_split_cup_small
D:2:      layout_loops_corners, basic_altar, uniq_sigmund
D:3:      layout_basic, overflow_temple_1_default, demons_altar,
          supply_closet_lemuel, st_stairs_11, uniq_jessica
D:4:      layout_basic, minmay_temple_entry_statues
D:5:      nicolae_cairo_tiling_large, layout_rooms,
          gammafunk_temple_overflow_elements, minmay_small_thing
D:8:      layout_cave_pools, lightli_bailey_entry_fortress, uniq_maurice,
          uniq_maggie

Skill      XL: |  1  2  3  4  5  6  7 |
---------------+----------------------+-----
Fighting       | 4 5 6 7 |  7.4
Axes           | 4 6 8 9 |  9.5
Armour         | 3 |  3.2
Dodging        | |  2.2

Action                   |  1- 3 |  4- 6 |  7- 9 || total
-------------------------+-------+-------+-------++-------
Melee: Hand axe          |    67 |    79 |    38 ||   184
       Headbutt          |     8 |    15 |     9 ||    32
       Punch             |     1 |     1 |       ||     2
       War axe           |       |       |    11 ||    11
Invok: Berserk           |     2 |     1 |     2 ||     5
       Trog's Hand       |       |       |     1 ||     1
  Use: Scroll            |       |     5 |     1 ||     6
 Stab: Sleeping          |     2 |       |       ||     2
Armor: Animal skin       |     7 |    13 |     1 ||    21
       Scale mail        |       |       |    12 ||    12
Dodge: Dodged            |    48 |    45 |    31 ||   124
